 Dungeon Crawl Stone Soup version 0.31-a0-187-gba352fbbf7 (webtiles) character file.

Game seed: 627605584085360596

96 qw the Shooter (level 4, -5/25 HPs)
             Began as a Deep Elf Hunter on June 22, 2023.
             Slain by a goblin
             ... wielding a +0 club
             ... led by Robin
              (6 damage)
             ... on level 3 of the Dungeon.
             The game lasted 00:00:47 (1627 turns).

qw the Shooter (Deep Elf Hunter)                    Turns: 1627, Time: 00:00:48

Health: -5/25      AC:  6    Str: 10    XL:     4   Next: 41%
Magic:  6/6        EV: 11    Int: 14    God:
Gold:   167        SH:  5    Dex: 18    Spells: 3/3 levels left

rFire   . . .        Y - +0 shortbow
rCold   . . .        (shield currently unavailable)
rNeg    . . .        j - +0 ring mail
rPois   .            (no helmet)
rElec   .            (no cloak)
rCorr   .            (no gloves)
SInv    .            d - +0 pair of boots
Will    .....        e - amulet of reflection
Stlth   +            (no ring)
HPRegen 0.24/turn    (no ring)
MPRegen 0.10/turn

%: reflection
@: no status effects
A: no striking features
a: no special abilities


You were on level 3 of the Dungeon.
You visited 1 branch of the dungeon, and saw 3 of its levels.

You collected 167 gold pieces.


   Skills:
 - Level 1.5 Fighting
 + Level 7.8 Ranged Weapons
 - Level 2.4 Dodging
 - Level 1.2 Stealth


You had 3 spell levels left.
You didn't know any spells.
Your spell library was empty.

Inventory:

Hand Weapons
 Y - a +0 shortbow (weapon)
Armour
 d - a +0 pair of boots (worn)
 j - a +0 ring mail (worn)
Jewellery
 c - a ring of ice
 e - an amulet of reflection (around neck)
Scrolls
 a - a scroll of vulnerability {unknown}
 h - a scroll of identify
Potions
 k - a potion of heal wounds

Dungeon Overview and Level Annotations

Branches:
Dungeon (3/15)

Altars:

Shops:
D:2 (

Annotations:
D:3 Robin


Message History

The goblin misses you.
You shoot an arrow. The goblin shouts!
The arrow hits the goblin.
You kill the goblin!
Robin throws the goblin at you!
You shoot an arrow. The arrow closely misses the goblin.
The goblin hits you but does no damage. x2; Robin throws the goblin at you!
You shoot an arrow. The arrow hits the goblin!
You kill the goblin!
You block the goblin's attack. The goblin hits you but does no damage.
You block the goblin's attack. The goblin hits you with a +0 club.
You shoot an arrow. The arrow barely misses the goblin.
The goblin hits you but does no damage. x4; Robin throws the goblin at you!
You shoot an arrow. The arrow closely misses the goblin.
You block the goblin's attack. The goblin hits you with a +0 club.
The goblin hits you but does no damage. x2; Robin throws the goblin at you!
The goblin hits you with a +0 club. The goblin hits you with a +0 dagger.
The goblin barely misses you. The goblin hits you but does no damage.
You shoot an arrow. The arrow hits the goblin.
You kill the goblin!
The goblin completely misses you.
An orc comes into view. It is wielding a +0 flail.
The goblin hits you with a +0 club. The goblin hits you with a +0 dagger.
The goblin closely misses you. x2
The goblin hits you with a +2 dagger of speed.
You shoot an arrow. The orc shouts!
The arrow hits the endoplasm.
The endoplasm is heavily wounded.
Robin roars a battlecry!
The goblins go into a battle-frenzy!
You block the goblin's attack.
The goblin hits you with a +2 dagger of speed.
The goblin barely misses you.
The endoplasm jiggles.
You block the endoplasm's attack. The goblin hits you but does no damage.
The goblin misses you. The goblin hits you with a +0 dagger.
The goblin barely misses you. The goblin hits you with a +0 club. x2
You die...

........... ...
.).....o.. ....
.........<....
..g....#.....
##.....#.....
#....$...#...
###...ggJ..#.#
.....gg@)>...# #
###...ggg...##
.## #....%....#
....
#.........#.....
#...............
#.......<)......
#...............
#######.........
###...##..


You could see Robin, an orc, an endoplasm and 7 goblins.

Vanquished Creatures
  3 adders (D:2)
  2 dart slugs (D:1)
  5 ball pythons
  6 endoplasms
  4 giant cockroaches
  8 goblins
  5 hobgoblins
  4 jackals (D:2)
  3 kobolds
  5 quokkas
  5 bats
  2 frilled lizards
  7 rats
59 creatures vanquished.

Notes
Turn   | Place    | Note
-------+----------+-------------------------------------------
     0 | D:1      | qw the Deep Elf Hunter began the quest for the Orb.
     0 | D:1      | Reached XP level 1. HP: 12/12 MP: 3/3
     0 | D:1      | 0 ||| qw: Version: 0.3-a-9-g12657ce
     0 | D:1      | 0 ||| qw: Game counter: 2509
     0 | D:1      | 0 ||| qw: Always use a shield: true
     0 | D:1      | 0 ||| qw: God list: Okawaru
     0 | D:1      | 0 ||| qw: Allow faded altars: false
     0 | D:1      | 0 ||| qw: Do Orc after D:15 true
     0 | D:1      | 0 ||| qw: Do second Lair branch before Depths: true
     0 | D:1      | 0 ||| qw: Lair rune preference: random
     0 | D:1      | 0 ||| qw: Plans: Normal
     0 | D:1      | 0 ||| PLANNING D:1-11
   118 | D:1      | Reached XP level 2. HP: 16/16 MP: 4/4
   119 | D:1      | Reached skill level 6 in Ranged Weapons
   568 | D:1      | Reached XP level 3. HP: 20/20 MP: 5/5
   670 | D:1      | 670 ||| UPGRADING to +0 scale mail.
   680 | D:1      | 680 ||| DROPPING +0 leather armour.
   681 | D:1      | 681 ||| UPGRADING to +0 ring mail.
   691 | D:1      | 691 ||| DROPPING +0 scale mail.
   692 | D:1      | 692 ||| UPGRADING to amulet of reflection.
   697 | D:1      | 697 ||| DROPPING ring of flight.
   698 | D:1      | 698 ||| READING scroll labelled READWU XARRAO.
   699 | D:1      | 699 ||| READING 3 scrolls labelled QIANTAS PATRUA.
   700 | D:1      | 700 ||| READING 2 scrolls of identify.
   700 | D:1      | 700 ||| IDENTIFYING ruby potion
   701 | D:1      | 701 ||| DROPPING scroll of butterflies.
   702 | D:1      | 702 ||| DROPPING potion of berserk rage.
   739 | D:2      | 739 ||| STAIRDANCE
   902 | D:2      | Reached skill level 7 in Ranged Weapons
  1047 | D:2      | Reached XP level 4. HP: 25/25 MP: 6/6
  1049 | D:2      | Found Rewkizikh's Antique Weapon Boutique.
  1481 | D:2      | 1481 ||| UPGRADING to +0 pair of boots.
  1486 | D:2      | 1486 ||| READING scroll labelled UJAUBUSKUX.
  1487 | D:2      | 1487 ||| READING scroll labelled QEID NEGGOIGG.
  1488 | D:2      | 1488 ||| READING 2 scrolls labelled CEICANYEPLU.
  1489 | D:2      | 1489 ||| DRINKING 2 cyan potions.
  1490 | D:2      | 1490 ||| READING 2 scrolls of identify.
  1490 | D:2      | 1490 ||| IDENTIFYING bubbling grey potion
  1491 | D:2      | 1491 ||| DROPPING potion of degeneration.
  1492 | D:2      | 1492 ||| DROPPING scroll of poison.
  1494 | D:2      | 1494 ||| Stepping ~*~*~tactically~*~*~ (cloud).
  1616 | D:3      | Noticed Robin
  1627 | D:3      | HP: 1/25 [goblin/+0 club[Robin] (6)]
  1627 | D:3      | Slain by a goblin

Levels and vault maps discovered:
D:1:      lightli_arrival_boilingwater, layout_basic, minmay_circled_x
D:2:      layout_basic, serial_shops, nicolae_shop_peninsula,
          minmay_misc_feat_x, minmay_pentomino_q2
D:3:      layout_rooms, lemuel_round_altar, elyvilon_altar_4,
          lemuel_zombie_altar_kikubaaqudgha, uniq_robin, uniq_natasha,
          uniq_sigmund

Skill      XL: |  1  2  3 |
---------------+----------+-----
Ranged Weapons | 6 7 |  7.8
Fighting       | |  1.5
Dodging        | |  2.4
Stealth        | |  1.2

Action                     |  1- 3 |  4- 6 || total
---------------------------+-------+-------++-------
   Fire: Shortbow          |   107 |    57 ||   164
    Use: Scroll            |     3 |     4 ||     7
         Potion            |       |     1 ||     1
 Armour: Leather armour    |     4 |       ||     4
         Ring mail         |    11 |    22 ||    33
  Dodge: Dodged            |    33 |    14 ||    47
  Block: Other             |     4 |     5 ||     9

Table legend:
 A = Non-vault XP
 B = Vault XP
 C = Vault XP percentage of total XP
 D = Non-vault monster count
 E = Vault monster count
 F = Vault count percentage of total count
                 A         B        C        D         E       F
            +---------+---------+-------+---------+---------+-------
      Total |     118 |      20 |  14.5 |      48 |      11 |  18.6
            +---------+---------+-------+---------+---------+-------
        D:1 |      44 |       6 |  12.0 |      24 |       4 |  14.3
        D:2 |      68 |       4 |   5.6 |      20 |       2 |   9.1
        D:3 |       6 |      10 |  62.5 |       4 |       5 |  55.6
            +---------+---------+-------+---------+---------+-------
